 Dungeon Crawl Stone Soup version 0.23.2 (webtiles) character file.

Game seed: 12630939776576998978

6472 Peloso the Carver (level 10, -2/88 HPs)
             Began as a Minotaur Fighter on Apr 6, 2019.
             Was a Priest of Okawaru.
             Slain by an orc warrior
             ... wielding a +0 trident
              (13 damage)
             ... in a bailey.
             The game lasted 00:22:58 (10260 turns).

Peloso the Carver (Minotaur Fighter)               Turns: 10260, Time: 00:22:58

Health: -2/88      AC: 15    Str: 27    XL:     10   Next: 68%
Magic:  10/10      EV:  7    Int:  5    God:    Okawaru [***...]
Gold:   445        SH: 13    Dex: 12    Spells: 9/9 levels left

rFire    . . .     SeeInvis .   a - +0 long sword
rCold    . . .     Gourm    .   c - +0 shield
rNeg     . . .     Faith    .   m - +0 plate armour
rPois    .         Spirit   .   (helmet restricted)
rElec    .         Reflect  .   v - scarf {cloud immunity}
rCorr    .         Harm     +   q - +0 pair of gloves
MR       +....                  (no boots)
Stlth    ..........             D - amulet of harm
HPRegen  0.24/turn              b - ring of protection from magic
MPRegen  0.12/turn              (no ring)

@: mighty, about to teleport, studying Shields
A: retaliatory headbutt, horns 2
a: Heroism, Renounce Religion


You were in a bailey.
You worshipped Okawaru.
Okawaru was most pleased with you.
You were hungry.

You visited 2 branches of the dungeon, and saw 10 of its levels.
You also visited: Bailey.

You collected 445 gold pieces.

Inventory:

Hand Weapons
 a - a +0 long sword (weapon)
Missiles
 e - 214 bolts
Armour
 c - a +0 shield (worn)
 m - a +0 plate armour (worn)
 q - a +0 pair of gloves (worn)
 t - a +3 scale mail of fire resistance
 v - a scarf of cloud immunity (worn)
 x - a scarf of repulsion
Jewellery
 b - a ring of protection from magic (left hand)
 D - an amulet of harm (around neck)
Wands
 B - a wand of acid (1)
 G - a wand of disintegration (1)
Scrolls
 g - 3 scrolls of teleportation
 h - a scroll of immolation {unknown}
 i - 8 scrolls of identify
 k - a scroll of amnesia
 l - a scroll of enchant weapon {unknown}
 r - a scroll of fear
 y - 2 scrolls of remove curse {unknown}
 E - 3 scrolls of enchant armour {unknown}
 H - a scroll of summoning {unknown}
 I - a scroll of magic mapping {unknown}
Potions
 d - 3 potions of might
 j - 2 potions of flight
 n - 2 potions of cancellation
 o - 3 potions of curing
 p - 2 potions of heal wounds
 s - 2 potions of brilliance
 u - a potion of agility
 w - a potion of ambrosia {unknown}
 z - a potion of resistance {unknown}
 A - a potion of degeneration {unknown}
Books
 F - a manual of Shields
Comestibles
 f - 22 rations
 C - 2 chunks of flesh


   Skills:
 + Level 8.1 Fighting
 + Level 11.8 Long Blades
 + Level 9.5 Armour
 + Level 1.3 Dodging
 + Level 0.8 Stealth
 + Level 10.8 Shields
 + Level 2.0 Evocations


You had 9 spell levels left.
You didn't know any spells.
Your spell library contained the following spells:

 Spells                   Type           Power        Failure   Level  Hunger
 Animate Skeleton         Necr           N/A          100%        1    ##.....
 Apportation              Tloc           #.....       100%        1    ##.....
 Confusing Touch          Hex            #.....       100%        1    ##.....
 Summon Small Mammal      Summ           #...         100%        1    ##.....
 Poisonous Vapours        Pois/Air       #.....       100%        2    ###....
 Conjure Flame            Conj/Fire      #.......     100%        3    ####...
 Mephitic Cloud           Conj/Pois/Air  #.......     100%        3    ####...
 Freezing Cloud           Conj/Ice/Air   #.........   100%        6    #######
 Ring of Flames           Chrm/Fire      #.........   100%        7    #######


Dungeon Overview and Level Annotations

Branches:
Dungeon (9/15)             Temple (1/1) D:5            Lair (0/6) D:8
    Orc: D:9-12

Altars:
Ashenzari
Cheibriados
Dithmenos
Gozag
Hepliaklqana
Makhleb
Nemelex Xobeh
Okawaru
Ru
Sif Muna
Trog
Uskayaw
Vehumet
Xom
Yredelemnul
Zin
The Shining One


Innate Abilities, Weirdness & Mutations

You reflexively headbutt those who attack you in melee.
You have a pair of horns on your head.


Message History

You headbutt the orc knight.
You kill the orc knight!
Okawaru is honoured by your kill.
Your Evocations skill increases to level 2!
You block the orc warrior's attack. The orc warrior misses you.
The orc warrior barely misses you.
The orc warrior hits you with a +0 trident!!
* * * LOW HITPOINT WARNING * * *
The orc warrior hits you with a +0 trident!
* * * LOW HITPOINT WARNING * * *
Things that are here:
a +0 halberd; a +0 chain mail You miss the orc warrior.
You headbutt the orc warrior!
The orc warrior is moderately wounded.
As you read the scroll of teleportation, it crumbles to dust.
You feel strangely unstable.
The orc warrior no longer looks unusually strong.
You block the orc warrior's attack.
The orc warrior hits you with a +0 trident!
You die...

..≈..^..≈...............≈..^.)≈..
..≈##)∩#≈...............≈#∩.##≈..
..≈≈#.#≈≈....#######....≈≈#.#≈≈..
...≈≈≈≈≈.....##....##....≈≈≈≈≈...
.............##.....##...........
..)..........##'''#..##..........
.........##..##∩.∩##..#..........
.........##.####'####.##.........
.........##.')#o@.#)'.##.........
.........##.###o8o###.##.........
.........##.')#).?#)'.##.........
.........##.#########.##.........
..........#..##)#)##..#..........
..........##..#'#'#..##..........
...........##.......##...........
...≈≈≈≈≈....#########....≈≈≈≈≈...
..≈≈#.#≈≈......###......≈≈#.#≈≈..


You could see 3 orc warriors.

Vanquished Creatures
  An orc knight (Bailey)
  Grinder (D:6)
  Prince Ribbit (D:5)
  A hippogriff (D:4)
  A yak (D:7)
  3 hogs (D:7)
  A wyvern (D:8)
  A human (D:7)
  Eustachio (D:6)
  A water moccasin (D:8)
  3 porcupines (D:8)
  12 orc warriors
  2 sky beasts (D:5)
  A black bear (D:8)
  3 phantoms
  A centaur (D:5)
  5 ogres
  A crocodile (D:8)
  6 bullfrogs
  A scorpion (D:9)
  A water moccasin skeleton (D:5)
  2 howler monkeys (D:4)
  A crimson imp (D:5)
  2 bullfrog skeletons
  3 hounds
  7 orc priests
  9 orc wizards
  2 iguanas
  Terence (D:3)
  6 worker ants
  A killer bee zombie (D:8)
  3 hound skeletons
  2 worker ant zombies (D:5)
  A gnoll (D:1)
  7 adders
  A shadow imp (D:8)
  An ooze (D:3)
  2 adder skeletons (D:7)
  2 worms
  A dart slug (D:1)
  7 leopard geckos
  45 orcs
  8 giant cockroaches
  7 hobgoblins
  7 jackals
  A quokka (D:6)
  2 ball pythons
  8 bats
  3 frilled lizards
  8 goblins
  9 kobolds
  2 leopard gecko skeletons
  2 leopard gecko zombies
  11 rats
222 creatures vanquished.

Vanquished Creatures (others)
  An orc wizard (D:6)
  A fungus (D:8)
2 creatures vanquished.

Grand Total: 224 creatures vanquished

Notes
Turn   | Place    | Note
-------+----------+-------------------------------------------
     0 | D:1      | Peloso the Minotaur Fighter began the quest for the Orb.
     0 | D:1      | Reached XP level 1. HP: 19/19 MP: 0/0
   169 | D:1      | Reached XP level 2. HP: 15/27 MP: 1/1
   412 | D:1      | Reached XP level 3. HP: 33/33 MP: 2/2
   925 | D:2      | Found a shadowy altar of Dithmenos.
  1106 | D:2      | Reached skill level 3 in Long Blades
  1150 | D:2      | Reached XP level 4. HP: 37/40 MP: 3/3
  1543 | D:3      | Noticed Terence
  1556 | D:3      | Killed Terence
  1556 | D:3      | Reached skill level 4 in Long Blades
  1567 | D:3      | Reached XP level 5. HP: 46/47 MP: 4/4
  2291 | D:4      | Noticed an ogre
  2296 | D:4      | Noticed an ogre
  2300 | D:3      | Killed an ogre
  2300 | D:3      | Reached skill level 5 in Long Blades
  2312 | D:4      | Killed an ogre
  2312 | D:4      | Reached skill level 5 in Shields
  2312 | D:4      | Reached XP level 6. HP: 9/55 MP: 5/5
  2314 | D:4      | Reached skill level 5 in Fighting
  2785 | D:4      | Reached skill level 6 in Long Blades
  2787 | D:4      | Reached skill level 5 in Armour
  2833 | D:4      | Reached XP level 7. HP: 36/61 MP: 6/6
  3250 | D:4      | Reached skill level 7 in Long Blades
  3314 | D:4      | Found a shimmering altar of Xom.
  3319 | D:4      | Found an opulent altar of Gozag.
  3519 | D:5      | Entered Level 5 of the Dungeon
  3574 | D:5      | Noticed a hippogriff
  3575 | D:5      | Reached skill level 8 in Long Blades
  3575 | D:5      | Reached XP level 8. HP: 28/70 MP: 7/7
  3588 | D:4      | Killed a hippogriff
  3588 | D:4      | Reached skill level 1 in Dodging
  4070 | D:5      | Found a staircase to the Ecumenical Temple.
  4070 | D:5      | Noticed Prince Ribbit
  4133 | D:5      | HP: 3/70 [Prince Ribbit (11)]
  4161 | D:5      | Killed Prince Ribbit
  4161 | D:5      | Reached skill level 9 in Long Blades
  4331 | Temple   | Entered the Ecumenical Temple
  4439 | Temple   | Became a worshipper of Warmaster Okawaru
  4912 | D:6      | Noticed Eustachio
  4949 | D:6      | Killed Eustachio
  5164 | D:6      | Reached XP level 9. HP: 71/77 MP: 8/8
  5372 | D:6      | Noticed Grinder
  5421 | D:6      | Killed Grinder
  6348 | D:7      | Reached * piety under Okawaru
  6364 | D:7      | Reached skill level 10 in Long Blades
  6561 | D:7      | Reached ** piety under Okawaru
  6936 | D:8      | Reached XP level 10. HP: 72/86 MP: 9/9
  6950 | D:8      | Reached skill level 11 in Long Blades
  7173 | D:8      | Found a staircase to the Lair.
  8045 | D:9      | Found a flagged portal.
  8155 | Bailey   | Entered a bailey
  8174 | Bailey   | Reached *** piety under Okawaru
  8263 | Bailey   | Reached skill level 10 in Shields
  9048 | Bailey   | Reached skill level 1 in Evocations
 10242 | Bailey   | Noticed an orc knight
 10257 | Bailey   | Killed an orc knight
 10260 | Bailey   | Slain by an orc warrior

Skill      XL: |  1  2  3  4  5  6  7  8  9 10 |
---------------+-------------------------------+-----
Shields        | 4 5 7 9 10 | 10.8
Fighting       | 4 5 6 7 8 |  8.1
Armour         | 4 5 6 7 8 9 |  9.5
Long Blades    | 3 4 5 6 8 9 10 11 | 11.8
Dodging        | 1 |  1.3
Evocations     | 2 |  2.0
Stealth        | |  0.8

Action                   |  1- 3 |  4- 6 |  7- 9 | 10-12 || total
-------------------------+-------+-------+-------+-------++-------
Melee: Long sword        |    94 |   142 |   463 |   147 ||   846
       Headbutt          |     4 |    23 |    89 |    41 ||   157
Invok: Heroism           |       |       |       |     1 ||     1
Evoke: Wand              |       |       |       |    27 ||    27
  Use: Scroll            |       |       |     6 |     4 ||    10
       Potion            |       |       |     1 |     1 ||     2
  Eat: Chunk             |       |     7 |    13 |    10 ||    30
Armor: Scale mail        |    25 |       |       |       ||    25
       Plate armour      |    10 |    91 |   203 |    57 ||   361
Dodge: Dodged            |    31 |    25 |    54 |    44 ||   154
Block: Shield            |    45 |    73 |   232 |   154 ||   504
       Rpst.: Long sword |     3 |     9 |    17 |     7 ||    36
